 Dungeon Crawl Stone Soup version 0.23.1 (webtiles) character file.

Game seed: 12501403404013876287

944 FunkyPutin the Cudgeler (level 8, -9/48 HPs)
             Began as a Gargoyle Fighter on Mar 8, 2019.
             Mangled by a two-headed ogre
             ... wielding a +0 giant spiked club
              (26 damage)
             ... on level 5 of the Dungeon.
             The game lasted 00:10:55 (4847 turns).

FunkyPutin the Cudgeler (Gargoyle Fighter)          Turns: 4847, Time: 00:10:55

Health: -9/48      AC: 18    Str: 21    XL:     8   Next: 12%
Magic:  17/17      EV:  5    Int: 10    God:
Gold:   161        SH: 10    Dex:  9    Spells: 7/7 levels left

rFire    + . .     SeeInvis .   a - +1 flail
rCold    . . .     Gourm    .   c - +0 shield
rNeg     + . .     Faith    .   x - +1 chain mail {rF+}
rPois    ∞         Spirit   .   l - +0 helmet
rElec    +         Reflect  .   t - +0 cloak
rCorr    .         Harm     .   (no gloves)
MR       .....                  (no boots)
Stlth    ..........             r - amulet of the acrobat
HPRegen  0.16/turn              i - ring of flight
MPRegen  0.15/turn              y - ring of magical power

@: very slightly contaminated, invisible
A: negative energy resistance 1, electricity resistance, unbreathing,
petrification resistance, rot immunity, AC +5
a: Evoke Flight


You were on level 5 of the Dungeon.
You were not hungry.

You visited 2 branches of the dungeon, and saw 6 of its levels.

You collected 161 gold pieces.

Inventory:

Hand Weapons
 a - a +1 flail (weapon)
Armour
 b - a +0 scale mail
 c - a +0 shield (worn)
 k - a +2 chain mail
 l - a +0 helmet (worn)
 t - a +0 cloak (worn)
 x - a +1 chain mail of fire resistance (worn)
Jewellery
 i - a ring of flight (left hand)
 r - an amulet of the acrobat (around neck)
 s - an uncursed ring of fire
 y - a ring of magical power (right hand)
Scrolls
 j - 4 scrolls of remove curse
 n - a scroll of enchant armour
 q - 2 scrolls of fear {unknown}
 u - 2 scrolls of magic mapping {unknown}
 v - a scroll of teleportation {unknown}
 w - 3 scrolls of identify
Potions
 d - a potion of might
 e - a potion of mutation {unknown}
 g - a potion of heal wounds
 h - 2 potions of degeneration {unknown}
 m - a potion of invisibility
 o - a potion of lignification {unknown}
 p - a potion of agility {unknown}
Comestibles
 f - 6 rations


   Skills:
 + Level 4.5 Fighting
 * Level 7.4 Maces & Flails
 + Level 4.5 Armour
 + Level 5.3 Shields


You had 7 spell levels left.
You didn't know any spells.
Your spell library contained the following spells:

 Spells                   Type           Power        Failure   Level  Hunger
 Sandblast                Erth           #.....       100%        1    ##.....
 Passwall                 Tmut/Erth      #.......     100%        2    ###....
 Stone Arrow              Conj/Erth      #.....       100%        3    ####...
 Petrify                  Tmut/Erth      #.......     100%        4    #####..
 Lee's Rapid Deconstruct  Erth           #.........   100%        5    ######.


Dungeon Overview and Level Annotations

Branches:
Dungeon (5/15)             Temple (1/1) D:4

Altars:
Ashenzari
Dithmenos
Elyvilon
Gozag
Hepliaklqana
Makhleb
Okawaru
Ru
Trog
Uskayaw
Wu Jian
Xom
Yredelemnul
Zin


Innate Abilities, Weirdness & Mutations

You are resistant to torment.
Your stone body is resilient. (AC +5)
You are immune to poison.
You resist negative energy. (rN+)
You are resistant to electric shocks. (rElec)
You can survive without breathing.
You are immune to petrification.
You are immune to rotting.


Message History

You are very lightly contaminated with residual magic.
You feel much better.
Your shield and chain mail prevent you from hitting the two-headed ogre.
The two-headed ogre is moderately wounded.
You block the two-headed ogre's attack.
The two-headed ogre hits you but does no damage.
You catch the helpless two-headed ogre completely off-guard!
You sock the two-headed ogre!
The two-headed ogre is heavily wounded.
You block the two-headed ogre's attack.
The two-headed ogre hits you but does no damage.
You barely miss the two-headed ogre.
The two-headed ogre is heavily wounded.
The two-headed ogre hits you with a +0 giant spiked club.
The two-headed ogre hits you with a +0 dire flail.
You sock the two-headed ogre!
The two-headed ogre is heavily wounded.
The two-headed ogre hits you with a +0 giant spiked club!!
Ouch! That really hurt!
You die...

#.....##.... #.....##... .. ...
##.........####.#... ....
#............##...# .....
..............#..# .....
.................###.....
........................
.....................#
..PPP...PPP.....@O..# #...#
.P..P.†.P♣PP........# #.....
.PP♣P...P.♣P.......)#### ......
.PPPP...PPPP......#....# #.....#
.................####..# .......
......_.........####..†##......#
................#...............
.PPPP...PPPP..#.................
.P..P...P..P..#....##..##.......


You could see a two-headed ogre.

Vanquished Creatures
  A centaur (D:5)
  A bullfrog (D:5)
  The ghost of Torikoriko the Slasher, a weakling HuMo (D:3)
  A howler monkey (D:4)
  3 crimson imps (D:5)
  2 hounds
  3 orc priests
  Crazy Yiuf (D:3)
  2 orc wizards
  3 iguanas
  2 worker ants (D:5)
  A centaur simulacrum (D:3)
  A hound skeleton (D:4)
  A worker ant zombie (D:5)
  7 adders
  A hound simulacrum (D:3)
  2 adder skeletons (D:4)
  4 worms
  A dart slug (D:2)
  2 adder simulacra (D:3)
  2 leopard geckos (D:1)
  25 orcs
  A ball python (D:2)
  2 giant cockroaches
  8 goblins
  7 hobgoblins
  A jackal (D:2)
  7 quokkas
  13 bats
  4 frilled lizards
  7 kobolds
  A quokka simulacrum (D:3)
  10 rats
  2 fungi (D:3)
130 creatures vanquished.

Notes
Turn   | Place    | Note
-------+----------+-------------------------------------------
     0 | D:1      | FunkyPutin the Gargoyle Fighter began the quest for the
                  | Orb.
     0 | D:1      | Reached XP level 1. HP: 14/14 MP: 1/1
   200 | D:1      | Reached XP level 2. HP: 18/19 MP: 2/2
   993 | D:2      | Reached XP level 3. HP: 23/23 MP: 3/3
  1145 | D:2      | Reached skill level 3 in Maces & Flails
  1194 | D:2      | Reached XP level 4. HP: 24/29 MP: 4/4
  1264 | D:2      | HP: 1/29 [orc priest/divine providence (13)]
  1673 | D:2      | Reached XP level 5. HP: 33/33 MP: 5/5
  1899 | D:2      | Reached skill level 4 in Maces & Flails
  2145 | D:3      | Found a runed translucent gate.
  2148 | D:3      | Found a runed translucent gate.
  2149 | D:3      | Found a runed translucent gate.
  2284 | D:3      | Noticed Torikoriko's ghost (weakling HuMo)
  2351 | D:3      | Found a faded altar of an unknown god.
  2552 | D:3      | Killed Torikoriko's ghost
  2552 | D:3      | Reached XP level 6. HP: 31/38 MP: 6/6
  2734 | D:3      | Found a runed translucent door.
  2735 | D:3      | Noticed Crazy Yiuf
  2742 | D:3      | Paralysed by Crazy Yiuf for 3 turns
  2746 | D:3      | Killed Crazy Yiuf
  3015 | D:4      | Reached skill level 5 in Maces & Flails
  3136 | D:4      | Reached XP level 7. HP: 30/43 MP: 7/7
  3143 | D:4      | Found a white marble altar of Elyvilon.
  3479 | D:4      | Found a shadowy altar of Dithmenos.
  3745 | D:4      | Found a staircase to the Ecumenical Temple.
  3792 | Temple   | Entered the Ecumenical Temple
  4559 | D:5      | Entered Level 5 of the Dungeon
  4583 | D:5      | Reached skill level 6 in Maces & Flails
  4697 | D:5      | Reached skill level 5 in Shields
  4741 | D:5      | Reached skill level 7 in Maces & Flails
  4759 | D:5      | Found an opulent altar of Gozag.
  4772 | D:5      | Reached XP level 8. HP: 48/48 MP: 8/8
  4819 | D:5      | Noticed a two-headed ogre
  4847 | D:5      | Mangled by a two-headed ogre

Skill      XL: |  1  2  3  4  5  6  7 |
---------------+----------------------+-----
Maces & Flails | 3 4 5 7 |  7.4
Shields        | 4 5 |  5.3
Armour         | 4 |  4.5
Fighting       | 4 |  4.5

Action                   |  1- 3 |  4- 6 |  7- 9 || total
-------------------------+-------+-------+-------++-------
Melee: Flail             |   131 |   241 |   165 ||   537
  Use: Scroll            |       |     6 |       ||     6
       Potion            |       |       |     3 ||     3
 Stab: Invisible         |       |       |     1 ||     1
  Eat: Chunk             |     1 |     4 |     2 ||     7
       Ration            |       |     1 |     1 ||     2
Armor: Scale mail        |    19 |       |       ||    19
       Chain mail        |    68 |   178 |    95 ||   341
Dodge: Dodged            |    47 |    65 |    44 ||   156
Block: Shield            |    73 |   150 |   101 ||   324
